 Dungeon Crawl Stone Soup version 0.29.0-4-gdea44cf6ec (webtiles) character file.

Game seed: 5330374262297919976

115 qw the Ruffian (level 5, -2/41 HPs)
             Began as a Ghoul Enchanter on Sept 5, 2022.
             Slain by a gnoll
             ... wielding a +0 club
              (4 damage)
             ... on level 3 of the Dungeon.
             The game lasted 00:01:22 (2972 turns).

qw the Ruffian (Ghoul Enchanter)                    Turns: 2972, Time: 00:01:23

Health: -2/41      AC: 12    Str: 14    XL:     5   Next: 0%
Magic:  6/6        EV:  4    Int: 10    God:
Gold:   149        SH:  0    Dex:  9    Spells: 7/7 levels left

rFire   . . .      SeeInvis .     - Unarmed
rCold   + . .      Faith    .   (no shield)
rNeg    + + +      Spirit   .   g - +0 plate armour
rPois   inf        Reflect  .   (no helmet)
rElec   .          Harm     .   (no cloak)
rCorr   .          Rampage  .   c - +0 pair of gloves
Will    .....                   e - +0 pair of boots
Stlth   ..........              (no amulet)
HPRegen 0.00/turn               (no ring)
MPRegen 0.10/turn               (no ring)

@: inhibited regen
A: claws 1, cold resistance 1, negative energy resistance 3, inhibited
regeneration, torment resistance 2, devour on kill
a: no special abilities


You were on level 3 of the Dungeon.
You visited 1 branch of the dungeon, and saw 3 of its levels.

You collected 149 gold pieces.


Innate Abilities, Weirdness & Mutations

You are immune to poison.
You have sharp fingernails.
Your flesh is cold resistant. (rC+)
You are immune to negative energy. (rN+++)
You do not regenerate when monsters are visible.
You are immune to unholy pain and torment.
You thrive by killing the living.


   Skills:
 + Level 1.9 Fighting
 - Level 0.8 Short Blades
 - Level 1.0 Armour
 - Level 1.7 Dodging
 - Level 3.2 Stealth
 - Level 4.0 Unarmed Combat
 - Level 1.7 Spellcasting
 - Level 2.4 Hexes


You had 7 spell levels left.
You didn't know any spells.
Your spell library contained the following spells:

 Spells                   Type           Power      Damage    Failure   Level
 Ensorcelled Hibernation  Hex/Ice        6%         N/A       100%        2
 Confusing Touch          Hex            5%         N/A       100%        3
 Dazzling Flash           Conj/Hex       6%         N/A       100%        3
 Tukima's Dance           Hex            5%         N/A       100%        3

Inventory:

Armour
 c - a +0 pair of gloves (worn)
 e - a +0 pair of boots (worn)
 g - a +0 plate armour (worn)
 h - a +0 buckler
Jewellery
 f - a ring of fire
Scrolls
 j - a scroll of magic mapping {unknown}
 Y - 3 scrolls of identify
Potions
 a - a potion of haste
 b - a potion of might {unknown}
 d - a potion of lignification {unknown}
 i - a potion of heal wounds {unknown}

Dungeon Overview and Level Annotations

Branches:
Dungeon (3/15)

Altars:

Annotations:
D:3 Grinder


Message History

The gnoll is moderately wounded.
The gnoll hits you but does no damage.
You barely miss the gnoll.
The gnoll is moderately wounded.
The gnoll hits you with a +0 flail.
You hit the gnoll but do no damage.
The gnoll is moderately wounded.
The gnoll hits you but does no damage.
You hit the gnoll.
The gnoll is severely wounded.
Grinder blinks!
The gnoll hits you with a +0 flail!
You hit the gnoll but do no damage.
The gnoll is severely wounded.
Grinder hits you but does no damage. The gnoll hits you with a +0 flail!
You barely miss the gnoll.
The gnoll is severely wounded.
Grinder blinks!
The gnoll hits you with a +0 flail.
You closely miss the gnoll.
The gnoll is severely wounded.
You hit the gnoll.
You kill the gnoll!
You have reached level 5!
You feel stronger.
You hit the gnoll but do no damage. The gnoll hits you but does no damage.
You hit the gnoll but do no damage.
The gnoll hits you from afar with a +0 spear.
The gnoll hits you with a +0 club.
You barely miss the gnoll.
The gnoll hits you from afar with a +0 spear.
The gnoll hits you but does no damage.
You barely miss the gnoll. Your punch misses the gnoll.
The gnoll hits you but does no damage.
Grinder blinks!
The gnoll barely misses you.
You hit the gnoll.
The gnoll is lightly wounded.
The gnoll hits you but does no damage. x2
You hit the gnoll but do no damage.
The gnoll is lightly wounded.
The gnoll barely misses you. The gnoll hits you with a +0 club.
You die...

....##### ###.#
......... .>..
.####....
g.##########
%####..##
#.#.........
.......#
##5#.#.#######.#
......##
#.....ยค.........
#######
#.##.#g#########
. .. ...#g# ##
###.####@# .. #5#
.. #.# . #.#
.<#.# . ..#.# ##.
#.#.# ... #.#.#
#.# #.#.#


You could see Grinder and 2 gnolls.

Vanquished Creatures
  2 gnolls (D:3)
  3 adders
  2 worms (D:2)
  2 dart slugs
  An orc (D:3)
  2 ball pythons
  5 endoplasms
  A giant cockroach (D:1)
  4 goblins
  6 hobgoblins (D:2)
  4 kobolds (D:1)
  4 quokkas
  9 bats
  5 frilled lizards
  8 rats
58 creatures vanquished.

Notes
Turn   | Place    | Note
-------+----------+-------------------------------------------
     0 | D:1      | qw the Ghoul Enchanter began the quest for the Orb.
     0 | D:1      | Reached XP level 1. HP: 14/14 MP: 2/2
     0 | D:1      | 0 ||| qw: Version: 0.1-a-104-g96f76f8
     0 | D:1      | 0 ||| qw: Game counter: 5999
     0 | D:1      | 0 ||| qw: Always use a shield: true
     0 | D:1      | 0 ||| qw: God list: Okawaru
     0 | D:1      | 0 ||| qw: Allow faded altars: false
     0 | D:1      | 0 ||| qw: Do Orc after D:15 true
     0 | D:1      | 0 ||| qw: Do second Lair branch before Depths: true
     0 | D:1      | 0 ||| qw: Lair rune preference: random
     0 | D:1      | 0 ||| qw: Plans: Normal
     0 | D:1      | 0 ||| PLANNING D:1-11
     1 | D:1      | 1 ||| DROPPING +1 dagger.
   270 | D:1      | Reached skill level 1 in Unarmed Combat
   291 | D:1      | Found a faded altar of an unknown god.
   434 | D:1      | Reached skill level 1 in Fighting
   434 | D:1      | Reached XP level 2. HP: 21/23 MP: 3/3
   578 | D:1      | 578 ||| Stepping ~*~*~tactically~*~*~ (stealth).
   582 | D:1      | 582 ||| Stepping ~*~*~tactically~*~*~ (stealth).
   583 | D:1      | 583 ||| Stepping ~*~*~tactically~*~*~ (stealth).
   739 | D:1      | Reached skill level 2 in Unarmed Combat
  1045 | D:1      | Reached XP level 3. HP: 25/28 MP: 4/4
  1293 | D:1      | 1293 ||| UPGRADING to +0 pair of boots.
  1298 | D:1      | 1298 ||| UPGRADING to +0 plate armour.
  1308 | D:1      | 1308 ||| DROPPING +0 robe.
  1309 | D:1      | 1309 ||| READING 2 scrolls labelled SOFED ZOQ FUAC.
  1310 | D:1      | 1310 ||| DROPPING 2 potions of invisibility.
  1371 | D:2      | 1371 ||| Stepping ~*~*~tactically~*~*~ (outnumbered).
  1372 | D:2      | 1372 ||| Stepping ~*~*~tactically~*~*~ (outnumbered).
  1373 | D:2      | 1373 ||| Stepping ~*~*~tactically~*~*~ (outnumbered).
  1427 | D:2      | 1427 ||| Stepping ~*~*~tactically~*~*~ (stealth).
  1430 | D:2      | 1430 ||| Stepping ~*~*~tactically~*~*~ (stealth).
  1489 | D:2      | HP: 7/28 [adder (1)]
  1491 | D:2      | Reached skill level 3 in Unarmed Combat
  1491 | D:2      | HP: 1/28 [worm (3)]
  1849 | D:2      | Identified the +8 glaive of Fimbulwinter {holy, rPois rC+
                  | Will+}
  1968 | D:2      | Reached skill level 1 in Armour
  1968 | D:2      | Reached XP level 4. HP: 35/35 MP: 5/5
  2025 | D:2      | 2025 ||| Stepping ~*~*~tactically~*~*~ (stealth).
  2513 | D:2      | 2513 ||| UPGRADING to +0 pair of gloves.
  2518 | D:2      | 2518 ||| DRINKING 2 puce potions.
  2623 | D:3      | 2623 ||| Stepping ~*~*~tactically~*~*~ (stealth).
  2793 | D:3      | Reached skill level 4 in Unarmed Combat
  2943 | D:3      | Noticed Grinder
  2948 | D:3      | 2948 ||| Stepping ~*~*~tactically~*~*~ (stealth).
  2949 | D:3      | 2949 ||| Stepping ~*~*~tactically~*~*~ (stealth).
  2950 | D:3      | 2950 ||| Stepping ~*~*~tactically~*~*~ (hiding).
  2952 | D:3      | 2952 ||| Stepping ~*~*~tactically~*~*~ (hiding).
  2967 | D:3      | Reached XP level 5. HP: 14/41 MP: 6/6
  2968 | D:3      | HP: 9/41 [gnoll/+0 spear (5)]
  2968 | D:3      | HP: 4/41 [gnoll/+0 club (5)]
  2972 | D:3      | Slain by a gnoll

Levels and vault maps discovered:
D:1:      grunt_arrival_lava_bath, layout_basic, basic_ecumenical_altar
D:2:      layout_loops_cross
D:3:      layout_basic, uniq_grinder

Skill      XL: |  1  2  3  4 |
---------------+-------------+-----
Unarmed Combat | 1 2 3 4 |  4.0
Fighting       | 1 |  1.9
Armour         | 1 |  1.0
Short Blades   | |  0.8
Dodging        | |  1.7
Stealth        | |  3.2
Spellcasting   | |  1.7
Hexes          | |  2.4

Action                   |  1- 3 |  4- 6 || total
-------------------------+-------+-------++-------
Melee: Unarmed           |   149 |   111 ||   260
       Punch             |     2 |       ||     2
  Use: Scroll            |     1 |       ||     1
       Potion            |       |     1 ||     1
 Stab: Sleeping          |     2 |       ||     2
Armor: Robe              |    16 |       ||    16
       Plate armour      |    34 |    71 ||   105
Dodge: Dodged            |    64 |    14 ||    78

Table legend:
 A = Non-vault XP
 B = Vault XP
 C = Vault XP percentage of total XP
 D = Non-vault monster count
 E = Vault monster count
 F = Vault count percentage of total count
                 A         B        C        D         E       F
            +---------+---------+-------+---------+---------+-------
      Total |     165 |       0 |   0.0 |      58 |       0 |   0.0
            +---------+---------+-------+---------+---------+-------
        D:1 |      38 |       0 |   0.0 |      24 |       0 |   0.0
        D:2 |      76 |       0 |   0.0 |      26 |       0 |   0.0
        D:3 |      51 |       0 |   0.0 |       8 |       0 |   0.0
            +---------+---------+-------+---------+---------+-------
